 Dungeon Crawl Stone Soup version bcrawl-1.12-8-g964540c432 (webtiles) character file.

Game seed: 2613115707626602577

422 Freyura the Sneak (level 6, -5/56 HPs)
             Began as a Naga Sloth Apostle on June 4, 2019.
             Was a Believer of Cheibriados.
             Slain by an orc warrior
             ... wielding a +0 long sword
              (15 damage)
             ... on level 4 of the Dungeon.
             The game lasted 00:14:42 (3976 turns).

Freyura the Sneak (Naga Sloth Apostle)              Turns: 3976, Time: 00:14:43

Health: -5/56      AC: 13    Str: 19    XL:     6   Next: 95%
Magic:  8/8        EV: 12    Int: 18    God:    Cheibriados [**....]
Gold:   270        SH: 10    Dex: 22    Spells: 6/7 levels left

rFire    . . .     SeeInvis +   a - +0 mace
rCold    . . .     Gourm    .   c - +0 shield
rNeg     . . .     Faith    .   b - +0 robe
rPois    +         Spirit   .   (helmet restricted)
rElec    .         Reflect  .   (no cloak)
rCorr    .         Harm     .   (no gloves)
MR       .....                  (no barding)
Stlth    ++++......             (no amulet)
HPRegen  0.18/turn              i - +6 ring of protection
MPRegen  0.11/turn              (no ring)

@: agile, very slow
A: large, beak, molten scales 1, slimy green scales 1, see invisible, deformed
body, sense surroundings 1, poison resistance, slowness 2, slow metabolism 1,
spit poison 1, AC +2
a: Spit Poison, Bend Time, Renounce Religion


You were on level 4 of the Dungeon.
You worshipped Cheibriados.
Cheibriados was pleased with you.
You were not hungry.

You visited 1 branch of the dungeon, and saw 4 of its levels.

You collected 270 gold pieces.

Inventory:

Hand Weapons
 a - a +0 mace (weapon)
Armour
 b - a +0 robe (worn)
 c - a +0 shield (worn)
Jewellery
 i - a +6 ring of protection (left hand)
Wands
 d - a wand of paralysis (7)
Scrolls
 j - 2 scrolls of remove curse
 k - a scroll of teleportation
 o - a scroll of identify
 p - a scroll of amnesia
 q - a scroll of fog
Potions
 e - 2 potions of brilliance
 g - a potion of curing {unknown}
 l - a potion of agility
 m - a potion of invisibility {unknown}
 n - a potion of cancellation {unknown}
 s - a potion of flight {unknown}
Comestibles
 f - 8 rations {!d}


   Skills:
 + Level 3.6 Fighting
 * Level 4.8 Maces & Flails
 - Level 4.8 Stealth
 + Level 3.0 Shields
 - Level 1.0 Spellcasting
 - Level 1.0 Hexes
 + Level 2.7 Invocations
 - Level 1.0 Evocations


You had 6 spell levels left.
You knew the following spells:

 Your Spells              Type           Power        Failure   Level  Hunger
a - Slow                  Hex            #.......     43%         1    ##.....
Your spell library was empty.

Dungeon Overview and Level Annotations

Branches:
Dungeon (4/12)
 Temple: D:4-7

Altars:
Dithmenos
Fedhas
Gozag
Makhleb
Trog

Shops:
D:4 }*

Annotations:
D:2 exclusion: oklob plant


Innate Abilities, Weirdness & Mutations

You cannot wear boots.
Your serpentine skin is tough. (AC +2)
You have supernaturally acute eyesight. (SInv)
Armour fits poorly on your strangely shaped body.
Your system is resistant to poisons. (rPois)
You cover ground very slowly.
You have a slow metabolism.
You can spit poison.
You have a beak for a mouth.
You are partially covered in molten scales. (AC +2)
You are partially covered in slimy green scales. (AC +2)
You passively map a small area around you.


Message History

You barely miss the orc warrior. Your peck misses the orc warrior.
The orc warrior is heavily wounded.
You block the orc warrior's attack.
You closely miss the orc warrior.
You peck the orc warrior, but do no damage.
The orc warrior is heavily wounded.
The orc warrior barely misses you.
You hit the orc warrior but do no damage.
The orc warrior is heavily wounded.
The orc warrior hits you with a +0 long sword!
* * * LOW HITPOINT WARNING * * *
You hit the orc warrior.
The orc warrior is heavily wounded.
You block the orc warrior's attack.
You feel agile all of a sudden.
The orc warrior hits you but does no damage.
You hit the orc warrior but do no damage.
The orc warrior is heavily wounded.
The orc warrior hits you with a +0 long sword!
You die...

# #..# #.#
#..# #.#
#..# #.#
#..# #.#
#..# #.# #.#
#.#
##########.#
, ,,
...looo@...#
############


You could see an orc warrior, an orc priest, an orc and a frilled lizard.

Vanquished Creatures
  A hungry ghost (D:3)
  An ogre (D:4)
  A crimson imp (D:4)
  A hound (D:4)
  A worker ant (D:4)
  4 adders (D:3)
  A howler monkey skeleton (D:4)
  An ooze (D:4)
  An adder skeleton (D:4)
  4 worms
  2 dart slugs
  2 leopard geckos (D:3)
  5 orcs
  2 bats
  5 giant cockroaches
  4 goblins
  7 hobgoblins
  4 jackals (D:2)
  A quokka (D:3)
  2 frilled lizards
  6 kobolds
  3 rats
59 creatures vanquished.

Vanquished Creatures (others)
  13 toadstools (D:2)
13 creatures vanquished.

Grand Total: 72 creatures vanquished

Notes
Turn   | Place    | Note
-------+----------+-------------------------------------------
     0 | D:1      | Freyura the Naga Sloth Apostle began the quest for the Orb.
     0 | D:1      | Reached XP level 1. HP: 19/19 MP: 2/2
   788 | D:1      | Reached XP level 2. HP: 23/26 MP: 3/3
  1277 | D:2      | Reached XP level 3. HP: 32/33 MP: 4/4
  1402 | D:2      | Reached * piety under Cheibriados
  1665 | D:2      | Found a blossoming altar of Fedhas.
  1679 | D:2      | Noticed an oklob plant
  2240 | D:3      | Noticed a hungry ghost
  2249 | D:3      | Killed a hungry ghost
  2249 | D:3      | Reached skill level 1 in Invocations
  2249 | D:3      | Reached XP level 4. HP: 42/42 MP: 5/5
  2249 | D:3      | Reached XP level 5. HP: 49/49 MP: 6/6
  2263 | D:3      | Found a burning altar of Makhleb.
  2548 | D:3      | Found a shadowy altar of Dithmenos.
  2673 | D:3      | Found a bloodstained altar of Trog.
  2679 | D:3      | Reached ** piety under Cheibriados
  3055 | D:3      | Gained mutation: You passively map a small area around you.
                  | [potion of mutation]
  3055 | D:3      | Gained mutation: You have a beak for a mouth. [potion of
                  | mutation]
  3055 | D:3      | Gained mutation: You are partially covered in molten
                  | scales. (AC +2) [potion of mutation]
  3055 | D:3      | Gained mutation: You are partially covered in slimy green
                  | scales. (AC +2) [potion of mutation]
  3132 | D:4      | Reached XP level 6. HP: 56/56 MP: 7/7
  3173 | D:4      | Found Gisudgh's Gadget Shoppe.
  3179 | D:4      | Found an opulent altar of Gozag.
  3330 | D:4      | Found Suopavy's Assorted Antiques.
  3961 | D:4      | Noticed an orc warrior
  3976 | D:4      | Slain by an orc warrior

Skill      XL: |  1  2  3  4  5  6 |
---------------+-------------------+-----
Shields        | 2 3 |  3.0
Maces & Flails | 3 4 |  4.8
Fighting       | 3 |  3.6
Invocations    | 1 2 |  2.7
Stealth        | |  4.8
Spellcasting   | |  1.0
Hexes          | |  1.0
Evocations     | |  1.0

Action                   |  1- 3 |  4- 6 || total
-------------------------+-------+-------++-------
Melee: Mace              |   110 |   153 ||   263
       Peck              |       |    14 ||    14
 Abil: Spit Poison       |       |     1 ||     1
Evoke: Wand              |     3 |       ||     3
  Use: Scroll            |     3 |     6 ||     9
       Potion            |       |     2 ||     2
 Stab: Paralysed         |    11 |       ||    11
       Sleeping          |     5 |    13 ||    18
  Eat: Chunk             |     2 |     4 ||     6
Armor: Robe              |    40 |    58 ||    98
Dodge: Dodged            |    19 |    40 ||    59
Block: Shield            |    51 |    73 ||   124
